 Dungeon Crawl Stone Soup version 0.25-a0-591-g2ad0d861f1 (webtiles) character file.

Game seed: 4473643050713364547, levelgen mode: deterministic

14155 Eurus the Destroyer (level 11, -3/78 HPs)
             Began as a Mummy Conjurer on Mar 14, 2020.
             Was a Priest of Ashenzari.
             Slain by a spriggan rider
             ... wielding a +0 spear
              (15 damage)
             ... on level 3 of the Lair of Beasts.
             The game lasted 00:40:53 (14065 turns).

Eurus the Destroyer (Mummy Conjurer)               Turns: 14065, Time: 00:40:54

Health: -3/78      AC:  6    Str: 11    XL:     11   Next: 85%
Magic:  6/34       EV: 15    Int: 26    God:    Ashenzari [***...]
Gold:   595        SH:  8    Dex: 12    Spells: 24/31 levels left

rFire    x . .     SeeInvis +   h - +2 trident (vorpal)
rCold    + . .     Gourm    .   d - +3 buckler of a treasure trove {Regen+ Int+3 Stlth+} (curse)
rNeg     + + +     Faith    .   B - +0 robe of the Swamp {Int+4 Stlth+} (curse)
rPois    ∞         Spirit   .   w - +1 hat
rElec    .         Reflect  .   (no cloak)
rCorr    .         Harm     .   p - +1 pair of gloves (curse)
MR       +....                  u - +0 pair of boots (curse)
Stlth    +++++.....             (no amulet)
HPRegen  0.63/turn              e - ring of stealth
MPRegen  0.24/turn              z - ring of magical power (curse)

@: about to teleport
A: no food or potions, fire vulnerability, cold resistance 1, negative energy
resistance 3, torment resistance, unbreathing
a: Curse Item, Scrying, Renounce Religion


You were on level 3 of the Lair of Beasts.
You worshipped Ashenzari.
Ashenzari was most pleased with you.
You were not hungry.

You visited 3 branches of the dungeon, and saw 13 of its levels.

You collected 595 gold pieces.

Inventory:

Hand Weapons
 h - a +2 vorpal trident (weapon)
Armour
 d - the cursed +3 buckler of a treasure trove (worn) {Regen+ Int+3 Stlth+}
   (You found it on level 7 of the Dungeon)

   It affects your intelligence (+3).
   It increases your rate of regeneration.
   It makes you more stealthy.
   It has a curse placed upon it.
 f - a +2 scale mail of magic resistance
 i - a +0 helmet
 p - a cursed +1 pair of gloves (worn)
 s - a +0 leather armour
 t - a +0 kite shield
 u - a cursed +0 pair of boots (worn)
 w - a +1 hat (worn)
 B - the cursed +0 robe of the Swamp (worn) {Int+4 Stlth+}
   (You found it on level 9 of the Dungeon)

   It affects your intelligence (+4).
   It makes you more stealthy.
   It has a curse placed upon it.
Jewellery
 a - a +2 ring of evasion
 e - a ring of stealth (left hand)
 y - a +2 amulet of reflection
 z - a cursed ring of magical power (right hand)
 A - the ring "Wauj" {+Fly rC+ rN++}
   (You took it off a naga on level 2 of the Lair of Beasts)

   [ring of protection from cold]

   It protects you from cold.
   It greatly protects you from negative energy.
   It lets you fly.
Wands
 b - a wand of random effects (37)
 j - a wand of polymorph (2)
 l - a wand of iceblast (8)
 o - a wand of flame (28)
 v - a wand of scattershot (4)
 x - a wand of acid (5)
Scrolls
 c - 2 scrolls of remove curse
 g - 2 scrolls of fog
 k - 5 scrolls of identify
 m - 3 scrolls of enchant weapon
 n - 2 scrolls of amnesia
 q - 3 scrolls of teleportation
 r - 3 scrolls of summoning


   Skills:
 + Level 4.3 Fighting
 + Level 1.8 Armour
 - Level 5.0(6.8) Dodging
 - Level 1.5(2.9) Stealth
 - Level 4.2(6.0) Shields
 + Level 10.9 Spellcasting
 * Level 11.0 Conjurations
 + Level 5.7 Translocations


You had 24 spell levels left.
You knew the following spells:

 Your Spells              Type           Power        Failure   Level  Hunger
a - Magic Dart            Conj           ####         1%          1    N/A
b - Searing Ray           Conj           ######       1%          2    N/A
c - Iskenderun's Mystic   Conj/Tloc      ######..     1%          4    N/A

Your spell library contained the following spells:

 Spells                   Type           Power        Failure   Level  Hunger
 Dazzling Flash           Conj/Hex       #####.       1%          3    N/A
 Freeze                   Ice            ##..         4%          1    N/A
 Fulminant Prism          Conj/Hex       #####.....   4%          4    N/A
 Hailstorm                Conj/Ice       #####...     4%          4    N/A
 Sticks to Snakes         Tmut           ##......     6%          2    N/A
 Frozen Ramparts          Ice            ##....       13%         3    N/A
 Ozocubu's Armour         Chrm/Ice       ##......     13%         3    N/A
 Summon Ice Beast         Ice/Summ       ##......     38%         4    N/A
 Beastly Appendage        Tmut           Unusable     N/A         1    N/A
 Spider Form              Tmut/Pois      Unusable     N/A         3    N/A
 Ice Form                 Ice/Tmut       Unusable     N/A         4    N/A
 Blade Hands              Tmut           Unusable     N/A         5    N/A

Dungeon Overview and Level Annotations

Branches:
Dungeon (9/15)             Temple (1/1) D:4            Lair (3/6) D:9
  Snake (0/4) Lair:2
  Swamp: Lair:2-4    Shoals: Lair:2-4       Orc: D:9-12

Altars:
Ashenzari
Cheibriados
Dithmenos
Elyvilon
Fedhas
Gozag
Hepliaklqana
Kikubaaqudgha
Makhleb
Nemelex Xobeh
Okawaru
Qazlal
Ru
Sif Muna
Trog
Uskayaw
Vehumet
Wu Jian
Xom
Yredelemnul
Zin
The Shining One

Shops:
D:8 :   D:9 [*}**

Annotations:
D:7 Maggie
D:9 Harold


Innate Abilities, Weirdness & Mutations

You do not eat or drink.
Your flesh is vulnerable to fire.
You are immune to poison.
Your flesh is cold resistant. (rC+)
You are immune to negative energy. (rN+++)
You are immune to unholy pain and torment.
You can survive without breathing.


Message History

The wolf bites you but does no damage. The wolf closely misses you.
You block the wolf's attack.
You closely miss the wolf.
The wolf is severely wounded.
The wolf bites you but does no damage.
The spriggan rider hits you from afar with a +0 spear!!
The wolf barely misses you.
Unknown command.
As you read the scroll of teleportation, it crumbles to dust.
You feel strangely unstable. You block the wolf's attack.
The spriggan rider hits you but does no damage.
You closely miss the wolf.
The wolf is severely wounded.
The wolf barely misses you.
The spriggan rider hits you from afar with a +0 spear!!
* * * LOW HITPOINT WARNING * * *
The wolf barely misses you.
The wolf pauses to sniff the ground.
The spriggan rider hits you from afar with a +0 spear!
You die...

### ##### ###*####
##.###.P..#*
#..##.P########hh........ * #
#.........#.@hhhhh.......
#####...........##ihh.......<,
.#..+.........#.##{hh........
*
...#...........####{h........
.# ##.........## *#{........♣
# **#.........# #........... *
#.........# ##.....♣♣...
###...##..# ##P♣♣i..,.. ,
##...#### ###*.... .


You could see a spriggan rider and 12 wolves.

Vanquished Creatures
  Pikel (D:7)
  A black mamba (Lair:3)
  An elephant (D:9)
  3 spiny frogs
  A komodo dragon (Lair:3)
  A polar bear (Lair:2)
  Prince Ribbit (D:9)
  4 blink frogs (Lair:2)
  3 hippogriffs
  A spriggan (Lair:2)
  15 yaks
  2 basilisks
  A hungry ghost (D:9)
  Menkaure (D:4)
  4 nagas (Lair:2)
  2 soldier ants (D:8)
  Duvessa (D:5)
  3 water moccasins
  5 porcupines
  2 orc warriors
  An ice beast (D:6)
  3 sky beasts
  A slave (D:7)
  2 black bears (Lair:2)
  2 necrophages (D:9)
  3 phantoms
  6 crocodiles
  18 wolves
  4 ogres
  2 centaurs
  9 bullfrogs
  Dowan (D:5)
  2 scorpions
  5 killer bees (D:9)
  A howler monkey (D:4)
  2 electric eels (Lair:3)
  4 crimson imps
  A bullfrog zombie (D:9)
  A quasit (D:9)
  A centaur zombie (D:7)
  6 hounds
  A jelly (D:6)
  5 orc priests
  A centaur skeleton (D:5)
  3 orc wizards
  4 iguanas
  2 worker ants
  A hound zombie (D:7)
  A hound skeleton (D:8)
  A howler monkey zombie (D:6)
  Robin (D:2)
  3 gnolls (D:3)
  16 adders
  A shadow imp (D:6)
  2 adder zombies
  6 worms
  2 dart slugs (D:1)
  7 leopard geckos
  11 orcs
  6 bats
  2 giant cockroaches
  17 goblins
  6 hobgoblins
  7 jackals (D:6)
  4 quokkas
  2 ball pythons
  9 frilled lizards
  A jackal skeleton (D:6)
  2 kobolds (D:1)
  A quokka skeleton (D:8)
  10 rats
  A fungus (Lair:2)
264 creatures vanquished.

Vanquished Creatures (others)
  A fungus (D:9)
  A plant (D:9)
2 creatures vanquished.

Grand Total: 266 creatures vanquished

Notes
Turn   | Place    | Note
-------+----------+-------------------------------------------
     0 | D:1      | Eurus the Mummy Conjurer began the quest for the Orb.
     0 | D:1      | Reached XP level 1. HP: 13/13 MP: 4/4
   496 | D:1      | Reached XP level 2. HP: 9/19 MP: 0/5
   505 | D:1      | Learned a level 2 spell: Searing Ray
  1644 | D:2      | Reached XP level 3. HP: 23/24 MP: 0/7
  1859 | D:2      | Found a sacrificial altar of Ru.
  1889 | D:2      | Reached skill level 1 in Shields
  1918 | D:2      | Noticed Robin
  2001 | D:2      | Killed Robin
  2001 | D:2      | Reached skill level 4 in Conjurations
  2115 | D:2      | Reached XP level 4. HP: 27/30 MP: 5/9
  3099 | D:3      | Reached XP level 5. HP: 35/35 MP: 8/10
  3232 | D:3      | Noticed an ogre
  3242 | D:3      | Killed an ogre
  3424 | D:4      | Reached XP level 6. HP: 36/41 MP: 8/12
  3490 | D:4      | Found a staircase to the Ecumenical Temple.
  3497 | Temple   | Entered the Ecumenical Temple
  3735 | Temple   | Became a worshipper of Ashenzari the Shackled
  3777 | D:4      | Reached skill level 5 in Conjurations
  4492 | D:4      | Noticed Menkaure
  4497 | D:4      | Killed Menkaure
  4497 | D:4      | Reached skill level 5 in Spellcasting
  4497 | D:4      | Reached XP level 7. HP: 46/46 MP: 6/14
  4720 | D:5      | Entered Level 5 of the Dungeon
  5164 | D:5      | Reached skill level 6 in Conjurations
  5172 | D:5      | Noticed Dowan
  5253 | D:5      | Noticed Duvessa
  5361 | D:5      | Killed Duvessa
  5414 | D:5      | Killed Dowan
  5442 | D:5      | Reached XP level 8. HP: 39/52 MP: 6/17
  5574 | D:5      | Found a hide-covered altar of Uskayaw.
  6198 | D:6      | Reached skill level 7 in Conjurations
  6605 | D:6      | Learned a level 4 spell: Iskenderun's Mystic Blast
  6627 | D:6      | Found a stormy altar of Qazlal.
  6776 | D:6      | Reached * piety under Ashenzari
  7053 | D:7      | Noticed a hippogriff
  7098 | D:7      | Reached skill level 1 in Fighting
  7113 | D:7      | Reached skill level 1 in Translocations
  7531 | D:7      | Reached XP level 9. HP: 47/61 MP: 11/20
  7717 | D:7      | Noticed Maggie
  8097 | D:7      | Got the uncursed buckler of a treasure trove {Regen+ Int+3
                  | Stlth+}
  8116 | D:7      | Identified the +3 buckler of a treasure trove {Regen+ Int+3
                  | Stlth+} (You found it on level 7 of the Dungeon)
  8532 | D:7      | Noticed Pikel
  8555 | D:7      | Killed Pikel
  8555 | D:7      | Reached skill level 8 in Conjurations
  8633 | D:7      | Found a shattered altar of Ashenzari.
  8750 | D:8      | Found Buoxoamp's Book Shoppe.
  9580 | D:9      | Found Yfurr's Assorted Antiques.
  9605 | D:9      | Got the cursed robe of the Swamp {Int+4 Stlth+}
  9618 | D:9      | Identified the cursed +0 robe of the Swamp {Int+4 Stlth+}
                  | (You found it on level 9 of the Dungeon)
  9630 | D:9      | Found Quor's Assorted Antiques.
  9715 | D:9      | Noticed Harold
  9803 | D:9      | Reached XP level 10. HP: 58/71 MP: 15/22
  9888 | D:9      | Found Demmuscha's Gadget Emporium.
  9954 | D:9      | Noticed Prince Ribbit
  9965 | D:9      | Killed Prince Ribbit
  9965 | D:9      | Reached skill level 9 in Conjurations
  9997 | D:9      | Reached ** piety under Ashenzari
 10025 | D:9      | Found Gaimevor's Armour Boutique.
 10130 | D:9      | Noticed an elephant
 10318 | D:9      | Found Taudit's Assorted Antiques.
 10458 | D:9      | Killed an elephant
 10692 | D:9      | Found a staircase to the Lair.
 10839 | Lair:1   | Entered Level 1 of the Lair of Beasts
 11137 | Lair:1   | Noticed a spiny frog
 11149 | Lair:1   | Killed a spiny frog
 11417 | Lair:1   | Reached skill level 10 in Conjurations
 12032 | Lair:2   | Reached XP level 11. HP: 60/77 MP: 24/24
 12052 | Lair:2   | Reached skill level 10 in Spellcasting
 12465 | Lair:2   | Reached skill level 5 in Translocations
 12562 | Lair:2   | Found a staircase to the Snake Pit.
 12955 | Lair:2   | Reached *** piety under Ashenzari
 13016 | Lair:2   | Identified the ring "Wauj" {+Fly rC+ rN++}
 13701 | Lair:3   | Reached skill level 1 in Armour
 13989 | Lair:3   | Reached skill level 5 in Dodging
 14043 | Lair:3   | Reached skill level 11 in Conjurations
 14053 | Lair:3   | Noticed a spriggan rider
 14065 | Lair:3   | Slain by a spriggan rider

Levels and vault maps discovered:
D:1:      dpeg_arrival_refuge, layout_basic
D:2:      layout_rooms, nicolae_ru_path_of_blood, interstate_on_off, uniq_robin
D:3:      minmay_door_path, layout_basic
D:4:      layout_loops_ring, minmay_temple_entry_statues_pillars, first_ration,
          uniq_menkaure
D:5:      layout_rooms, serial_glass, glass_columns_a, glass_columns_a,
          basic_altar, minmay_puff, uniq_duvessa
D:6:      layout_loops_ring, grunt_qazlal_clouds
D:7:      layout_basic, basic_altar, cheibrodos_ashenzari_chains, uniq_maggie,
          uniq_pikel
D:8:      layout_basic, serial_shops, shop_fountains, hangedman_pestilent_swarm
D:9:      layout_stronghold, david_lair_generic, serial_shops, shop,
          kennysheep_little_box, nicolae_shop_crystal, shop, shop, uniq_harold,
          uniq_prince_ribbit1
Temple:   nicolae_temple_the_god_donut
Lair:1:   layout_cave_pods, ldierk_geyser, infiniplex_staircase_pool_2,
          grunt_megastairs_3
Lair:2:   statuecave_lemuel, layout_cave_pods,
          minmay_snake_entry_guardpost_small, forest_entry_grove
Lair:3:   layout_roguey, serial_bayou_ford_a, grunt_forest_large_clearings,
          infiniplex_staircase_pool, lemuel_fruit_tree

Skill      XL: |  1  2  3  4  5  6  7  8  9 10 11 |
---------------+----------------------------------+-----
Spellcasting   | 3 4 5 6 7 8 9 10 | 10.9
Shields        | 1 2 3 4 |  4.2
Conjurations   | 4 5 6 7 8 10 11 | 11.0
Fighting       | 1 4 |  4.3
Translocations | 1 3 4 5 |  5.7
Dodging        | 2 4 5 |  5.0
Armour         | 1 |  1.8
Stealth        | |  1.5

Action                   |  1- 3 |  4- 6 |  7- 9 | 10-12 || total
-------------------------+-------+-------+-------+-------++-------
Melee: Unarmed           |    31 |       |       |       ||    31
       Trident           |    12 |    58 |    71 |    24 ||   165
 Cast: Magic Dart        |    54 |    20 |    66 |    78 ||   218
       Searing Ray       |     3 |    15 |    76 |    97 ||   191
Invok: Curse Item        |       |       |     3 |     1 ||     4
  Use: Scroll            |       |       |     6 |     6 ||    12
 Stab: Sleeping          |       |     7 |     4 |       ||    11
Armor: Robe              |     7 |    10 |    35 |    25 ||    77
Dodge: Dodged            |    38 |    49 |    65 |   103 ||   255
Block: Buckler           |       |       |    42 |    68 ||   110

Table legend:
 A = Non-vault XP
 B = Vault XP
 C = Vault XP percentage of total XP
 D = Non-vault monster count
 E = Vault monster count
 F = Vault count percentage of total count
                 A         B        C        D         E       F
            +---------+---------+-------+---------+---------+-------
      Total |   13254 |    6968 |  34.5 |     200 |      62 |  23.7
            +---------+---------+-------+---------+---------+-------
        D:1 |      29 |       0 |   0.0 |      15 |       0 |   0.0
        D:2 |      34 |      38 |  52.8 |      10 |      13 |  56.5
        D:3 |     227 |      20 |   8.1 |      26 |       6 |  18.8
        D:4 |     300 |     172 |  36.4 |      12 |       1 |   7.7
        D:5 |     605 |     353 |  36.8 |      17 |       4 |  19.0
        D:6 |     531 |       0 |   0.0 |      20 |       0 |   0.0
        D:7 |    1062 |     629 |  37.2 |      21 |       1 |   4.5
        D:8 |     505 |     313 |  38.3 |      13 |       4 |  23.5
        D:9 |    2180 |    1266 |  36.7 |      24 |       5 |  17.2
     Lair:1 |    1390 |     694 |  33.3 |       8 |       2 |  20.0
     Lair:2 |    3968 |    1717 |  30.2 |      20 |      11 |  35.5
     Lair:3 |    2423 |    1766 |  42.2 |      14 |      15 |  51.7
            +---------+---------+-------+---------+---------+-------
